 Dungeon Crawl Stone Soup version 0.29.1-2-gbd0b4ee654 (webtiles) character file.

Game seed: 9285563974367848326

28 marietta the Poker (level 3, -2/28 HPs)
             Began as a Merfolk Gladiator on Nov 10, 2022.
             Slain by a goblin
             ... wielding a +4 dagger
              (3 damage)
             ... on level 1 of the Dungeon.
             The game lasted 00:01:46 (906 turns).

marietta the Poker (Merfolk Gladiator)               Turns: 906, Time: 00:01:46

Health: -2/28      AC:  4    Str: 14    XL:     3   Next: 14%
Magic:  3/3        EV: 13    Int:  9    God:
Gold:   52         SH:  0    Dex: 15    Spells: 2/2 levels left

rFire   . . .      SeeInvis .   a - +0 trident
rCold   . . .      Faith    .   (no shield)
rNeg    . . .      Spirit   .   b - +0 leather armour
rPois   .          Reflect  .   c - +0 helmet
rElec   .          Harm     .   (no cloak)
rCorr   .          Rampage  .   (no gloves)
Will    .....                   (no boots)
Stlth   +.........              (no amulet)
HPRegen 0.09/turn               (no ring)
MPRegen 0.08/turn               (no ring)

@: about to teleport
A: (nimble swimmer 2), mertail
a: no special abilities


You were on level 1 of the Dungeon.
You visited 1 branch of the dungeon, and saw 2 of its levels.

You collected 52 gold pieces.

Inventory:

Hand Weapons
 a - a +0 trident (weapon)
Missiles
 d - 3 throwing nets (quivered)
 e - a javelin
Armour
 b - a +0 leather armour (worn)
 c - a +0 helmet (worn)
Scrolls
 f - a scroll of identify {unknown}
 g - a scroll of teleportation
 h - a scroll of torment {unknown}
 i - 2 scrolls of noise {unknown}


   Skills:
 + Level 2.6 Fighting
 * Level 4.9 Polearms
 - Level 2.0 Throwing
 + Level 4.4 Dodging


You had 2 spell levels left.
You didn't know any spells.
Your spell library was empty.

Dungeon Overview and Level Annotations

Branches:
Dungeon (2/15)

Altars:


Innate Abilities, Weirdness & Mutations

((You are very nimble when in or above water. (Stealth+, EV+, Speed+++)))
Your lower body shifts to a powerful aquatic tail in water.


Message History

You hit the goblin.
The goblin is heavily wounded.
The goblin closely misses you.
You barely miss the goblin.
The goblin is heavily wounded.
The goblin closely misses you.
You barely miss the goblin.
The goblin is heavily wounded.
The goblin hits you with a +4 dagger.
You closely miss the goblin.
The goblin is heavily wounded.
The goblin barely misses you.
You hit the goblin.
The goblin is severely wounded.
The goblin closely misses you.
You barely miss the goblin.
The goblin is severely wounded.
The goblin hits you with a +4 dagger. The rat barely misses you.
The rat attacks as you move away! The rat closely misses you.
The goblin attacks as you move away! The goblin hits you with a +4 dagger.
There is a stone staircase leading up here.
The goblin hits you with a +4 dagger. The rat bites you but does no damage.
You climb upwards.
There is a stone staircase leading down here.
You barely miss the goblin.
The goblin is severely wounded.
The rat barely misses you. The goblin hits you with a +4 dagger.
* * * LOW HITPOINT WARNING * * *
You closely miss the goblin.
The goblin is severely wounded.
The rat twitches its whiskers.
The rat bites you.
* * * LOW HITPOINT WARNING * * *
The goblin hits you with a +4 dagger.
* * * LOW HITPOINT WARNING * * *
You aren't carrying any potions.
As you read the scroll labelled RUMOLEVUNO, it crumbles to dust.
You feel strangely unstable.
It was a scroll of teleportation.
The rat closely misses you. The goblin hits you with a +4 dagger.
You die...

######### ####.......## #
###.#####..# ### ## ##.######.####
######..
#####.######....#########.......
######.######....##....รท.....####
#...................######.###
#.####.#####....g#### #..##
#.####.######..r@##########..##
#.####.#######.###......####..#
#.####.##### #.###.####.).....#
#..###..#### #.#...# #######.###
##.# ##...####...#### #.... #.#
###...##.##...# ##... #.#
###....##...# ###. #.#
###..))...####### #. #.#
####..##...##...># ####.


You could see a goblin and a rat.

Vanquished Creatures
  2 ball pythons
  2 endoplasms
  A giant cockroach (D:1)
  4 goblins (D:1)
  2 hobgoblins (D:1)
  4 jackals (D:1)
  A quokka (D:1)
  2 bats (D:1)
  2 frilled lizards (D:1)
  4 kobolds (D:1)
24 creatures vanquished.

Notes
Turn   | Place    | Note
-------+----------+-------------------------------------------
     0 | D:1      | marietta the Merfolk Gladiator began the quest for the Orb.
     0 | D:1      | Reached XP level 1. HP: 16/16 MP: 1/1
   339 | D:1      | Reached XP level 2. HP: 23/23 MP: 2/2
   690 | D:1      | Reached XP level 3. HP: 21/28 MP: 3/3
   905 | D:1      | HP: 1/28 [goblin/+4 dagger (5)]
   906 | D:1      | Slain by a goblin

Illustrated notes

Levels and vault maps discovered:
D:1:      spicycebolla_arrival_clurvy, layout_rooms, reono_crystal_passage
D:2:      layout_rooms, serial_shops, nicolae_shop_trees,
          hangedman_abyss_or_decor_stabs, minmay_pentomino_w4

Action                   || total
-------------------------++-------
Melee: Trident           ||    88
  Use: Scroll            ||     1
Armor: Leather armour    ||    20
Dodge: Dodged            ||    49
